 Dungeon Crawl Stone Soup version 0.17.2-1-ge4368a0 (webtiles) character file.

688 ololoev the Chopper (level 7, 30/55 HPs)
             Began as a Demonspawn Fighter on Oct 26, 2016.
             Was an Initiate of Ashenzari.
             Starved to death
             ... on level 5 of the Dungeon.
             The game lasted 00:09:12 (1322 turns).

ololoev the Chopper (Demonspawn Fighter)            Turns: 1322, Time: 00:09:12

Health: 30/55      AC: 14    Str: 18    XL:     7   Next: 36%
Magic:  7/7        EV:  7    Int: 10    God:    Ashenzari [......]
Gold:   59         SH:  0    Dex: 11    Spells: 0 memorised, 6 levels left

rFire  . . .     SeeInvis .     a - +0 war axe
rCold  . . .     Clarity  .     l - +0 chain mail
rNeg   . . .     SustAt   .     (no shield)
rPois  .         Gourm    .     j - +0 helmet (curse)
rElec  .         Spirit   .     (no cloak)
rCorr  .         Warding  .     (no gloves)
rMut   .         Stasis   .     (no boots)
MR     +....                    (no amulet)
Stlth  ..........               (no ring)
                                k - ring of protection from magic (curse)

@: fainting, somewhat resistant to hostile enchantments, extremely unstealthy
A: claws 1, rough black scales 1, powered by death 1
a: Renounce Religion


Innate Abilities, Weirdness & Mutations

You have sharp fingernails.
You are partially covered in rough black scales (AC +4, Dex -1).
You regenerate a little health from kills.

Inventory:

Hand Weapons
 a - a +0 war axe (weapon)
Armour
 j - a cursed +0 helmet (worn)
 l - a +0 chain mail (worn)
Jewellery
 k - a cursed ring of protection from magic (left claw)
Wands
 m - a wand of frost (35)
Scrolls
 f - 3 scrolls of identify
 h - 2 scrolls of enchant armour
 i - 2 scrolls of remove curse
 p - a scroll of curse armour
Potions
 d - a potion of curing
 g - a potion of brilliance
 o - a potion of lignification
Comestibles
 c - a slice of pizza
 e - 5 bread rations


   Skills:
 + Level 4.8 Fighting
 * Level 5.5 Axes
 + Level 4.5 Armour
   Level 2.6 Shields


You had 6 spell levels left.
You didn't know any spells.


You were on level 5 of the Dungeon.
You worshipped Ashenzari.
Ashenzari was noncommittal.
You were fainting.

You visited 1 branch of the dungeon, and saw 5 of its levels.

You collected 137 gold pieces.
You spent 78 gold pieces at shops.

#####.#≈≈.≈≈#####.
#.....###+#### ##
####.........##.# #
...........# #.#####
#........# #......
#........####.####.
#................).
#.###........##.....##.
#....W@..#######...)...
#####.#### ##.##### #.#
#.# #.# #.# #.# ##+##
#.# ##...## #.#####
##.....### #.....#
##.......##
##....###<......##.

Notes
Turn   | Place    | Note
--------------------------------------------------------------
     0 | D:1      | ololoev the Demonspawn Fighter began the quest for the Orb.
     0 | D:1      | Reached XP level 1. HP: 18/18 MP: 1/1
   135 | D:2      | Gained mutation: You are partially covered in rough black scales (AC +4, Dex -1). [demonic ancestry]
   135 | D:2      | Reached XP level 2. HP: 22/24 MP: 2/2
   263 | D:3      | Noticed Robin
   274 | D:3      | Killed Robin
   274 | D:3      | Reached XP level 3. HP: 24/29 MP: 3/3
   320 | D:3      | Found an iron altar of Okawaru.
   408 | D:3      | Found a radiant altar of Vehumet.
   460 | D:4      | HP: 1/29 [orc priest/divine providence (10)]
   512 | D:3      | Found a basalt altar of Yredelemnul.
   572 | D:4      | Reached XP level 4. HP: 12/35 MP: 4/4
   577 | D:4      | Found Bioqul's Distillery.
   585 | D:4      | Bought a potion of lignification for 39 gold pieces
   595 | D:4      | Gained mutation: You regenerate a little health from kills. [demonic ancestry]
   595 | D:4      | Reached XP level 5. HP: 19/42 MP: 5/5
   644 | D:4      | Found a bloodstained altar of Trog.
   681 | D:4      | Noticed an ogre
   691 | D:4      | Killed an ogre
   691 | D:4      | Reached skill level 4 in Fighting
   691 | D:4      | Gained mutation: You have sharp fingernails. [demonic ancestry]
   691 | D:4      | Reached XP level 6. HP: 24/48 MP: 6/6
   737 | D:5      | Entered Level 5 of the Dungeon
   737 | D:5      | Found a sacrificial altar of Ru.
   924 | D:4      | Bought a potion of curing for 39 gold pieces
   975 | D:5      | Found a snail-covered altar of Cheibriados.
  1026 | D:5      | Found a shattered altar of Ashenzari.
  1031 | D:5      | Became a worshipper of Ashenzari the Shackled
  1112 | D:5      | Reached skill level 5 in Axes
  1140 | D:5      | Found a white marble altar of Elyvilon.
  1173 | D:5      | Noticed Dowan
  1174 | D:5      | Noticed Duvessa
  1234 | D:5      | Killed Duvessa
  1234 | D:5      | Reached XP level 7. HP: 34/55 MP: 7/7
  1241 | D:5      | Killed Dowan
  1280 | D:5      | Noticed a hungry ghost
  1322 | D:5      | Starved to death

Dungeon Overview and Level Annotations

Branches:
Dungeon (5/15)
 Temple: D:4-7

Altars:
Ashenzari
Cheibriados
Elyvilon
Okawaru
Ru
Trog
Vehumet
Yredelemnul

Shops:
D:4 !


Message History

The hungry ghost is moderately damaged.
The hungry ghost hits you.
You are fainting from starvation!
The hungry ghost hits you.
You feel slightly more hungry.
You closely miss the hungry ghost.
The hungry ghost is moderately damaged.
The hungry ghost hits you.
You feel slightly more hungry.
You slash the hungry ghost!
The hungry ghost is heavily damaged.
The hungry ghost hits you.
You feel slightly more hungry.
You closely miss the hungry ghost.
The hungry ghost is heavily damaged.
The hungry ghost hits you.
You feel slightly more hungry.
You closely miss the hungry ghost.
The hungry ghost is heavily damaged.
The hungry ghost hits you.
You feel slightly more hungry. The hungry ghost hits you.
You feel slightly more hungry.
Your chain mail prevents you from hitting the hungry ghost.
The hungry ghost is heavily damaged.
The hungry ghost barely misses you.
You barely miss the hungry ghost.
The hungry ghost is heavily damaged.
The hungry ghost barely misses you.
You closely miss the hungry ghost.
The hungry ghost is heavily damaged.
The hungry ghost barely misses you.
You miss the hungry ghost.
The hungry ghost is heavily damaged.
The hungry ghost hits you.
You feel slightly more hungry. The hungry ghost barely misses you.
You hit the hungry ghost.
The hungry ghost is severely damaged.
The hungry ghost hits you.
You feel slightly more hungry.
You miss the hungry ghost.
The hungry ghost is severely damaged.
The hungry ghost hits you.
You closely miss the hungry ghost.
The hungry ghost is severely damaged.
You have starved to death.
You die...

You could see a hungry ghost.

Vanquished Creatures
  An ice beast (D:5)
  An ogre (D:4)
  Dowan (D:5)
  A centaur skeleton (D:4)
  A hound (D:4)
  3 orc priests
  4 orc wizards
  A mummy (D:5)
  Robin (D:3)
  3 adders
  2 oozes
  A worm (D:3)
  A giant gecko (D:4)
  17 orcs
  2 giant cockroaches
  11 goblins (D:3)
  5 hobgoblins
  4 jackals (D:4)
  A quokka (D:3)
  A giant cockroach zombie (D:3)
  2 giant newts
  A kobold (D:2)
  A rat (D:3)
  A spectral orc (D:3)
67 creatures vanquished.

Vanquished Creatures (others)
  Duvessa (D:5)
1 creature vanquished.

Grand Total: 68 creatures vanquished

Action                   |  1- 3 |  4- 6 |  7- 9 || total
-------------------------+-------+-------+-------++-------
Melee: War axe           |    91 |   147 |    53 ||   291
  Use: Potion            |     3 |     3 |       ||     6
       Scroll            |       |     6 |       ||     6
  Eat: Chunk             |       |     1 |     3 ||     4

Vault maps used:
D:1:      dpeg_arrival_round_c
D:2:      overflow_temple_1_default, uniq_terence
D:3:      yredelemnul_forgotten_temple_becter, lemuel_round_altar,
          okawaru_trees_2, vehumet_altar_wand_db, uniq_robin
D:4:      lightli_temple_of_fire, first_bread, serial_shops, shop
D:5:      lemuel_castle_with_subvaults, lemuel_round_altar, old_standard_altar,
          slow_altar_1, kennysheep_little_box, uniq_duvessa
